 Dungeon Crawl Stone Soup version 0.17-a0-1378-g281efdd (webtiles) character file.

137 Steifyn the Grave Robber (level 5, 0/37 HPs)
             Began as a Mummy Necromancer on June 14, 2015.
             Was a Follower of Sif Muna.
             Slain by sqallbeste's ghost (1 damage)
             ... on level 5 of the Dungeon.
             The game lasted 00:18:09 (2029 turns).

Steifyn the Grave Robber (Mummy Necromancer)        Turns: 2029, Time: 00:18:10

Health: 0/37       AC:  3    Str: 11    XL:     5   Next: 0%
Magic:  2/9        EV: 12    Int: 16    God:    Sif Muna [*.....]
Gold:   61         SH:  0    Dex: 12    Spells: 3 memorised, 4 levels left

rFire  x . .     SeeInvis .     f - +1 whip (flame)
rCold  + . .     Clarity  .     a - +1 robe
rNeg   + + +     SustAt   .     (no shield)
rPois  ∞         Gourm    +     (no helmet)
rElec  .         Spirit   .     (no cloak)
rCorr  .         Warding  .     (no gloves)
rMut   .         Stasis   .     (no boots)
MR     .....                    g - amulet of the gourmand
Stlth  ++........               (no ring)
                                (no ring)

@: not resistant to hostile enchantments, unstealthy
A: no food or potions, fire vulnerability, cold resistance 1, negative energy
resistance 3, torment resistance, unbreathing
a: Channel Energy, Renounce Religion


You were on level 5 of the Dungeon.
You worshipped Sif Muna.
Sif Muna was aware of your devotion.
You were not hungry.

You visited 1 branch of the dungeon, and saw 5 of its levels.

You collected 61 gold pieces.

Inventory:

Hand weapons
 f - a +1 whip of flaming (weapon)
Armour
 a - a +1 robe (worn)
Jewellery
 g - an amulet of the gourmand (around neck)
Magical devices
 j - a wand of lightning (0)
Scrolls
 d - 2 scrolls of amnesia
 h - 2 scrolls of noise
 i - a scroll of remove curse
Books
 b - a book of Necromancy

   Spells                             Type                      Level
   a - Pain                           Necromancy                   1
   b - Animate Skeleton               Necromancy                   1
   c - Vampiric Draining              Necromancy                   3
   d - Regeneration                   Charms/Necromancy            3
   e - Animate Dead                   Necromancy                   4
   f - Control Undead                 Necromancy                   4


   Skills:
 + Level 1.0 Fighting
 + Level 0.4 Maces & Flails
 + Level 2.5 Dodging
 + Level 2.1 Stealth
 + Level 2.7 Spellcasting
 + Level 4.8 Necromancy


You had 4 spell levels left.
You knew the following spells:

 Your Spells              Type           Power        Failure   Level  Hunger
a - Pain                  Necr           ###.         3%          1    N/A
b - Animate Skeleton      Necr           N/A          3%          1    N/A
c - Vampiric Draining     Necr           ###.......   12%         3    N/A

Dungeon Overview and Level Annotations

Branches:
Dungeon (5/15)
 Temple: D:4-7

Altars:
Sif Muna
Vehumet

Annotations:
D:5 exclusion: statue, sqallbeste's ghost, experienced SpAs


Innate Abilities, Weirdness & Mutations

You do not eat or drink.
Your flesh is vulnerable to fire.
You are immune to poison.
Your flesh is cold resistant.
You are immune to negative energy.
You are immune to unholy pain and torment.
You can survive without breathing.


Message History

* * * LOW HITPOINT WARNING * * *
The crimson imp hits you.
* * * LOW HITPOINT WARNING * * *
You see here 4 chunks of flesh.
The crimson imp blinks!
As you read the scroll labeled FOSUZX TOBELIO, it crumbles to dust.
You assume a fearsome visage.
The orc looks frightened!
Your hobgoblin skeleton is unaffected.
Sqallbeste's ghost is unaffected.
It was a scroll of fear.
Sqallbeste's ghost hits you.
* * * LOW HITPOINT WARNING * * *
The orc hits your hobgoblin skeleton with a flail.
As you read the scroll labeled RYMIATRUCW, it crumbles to dust.
It is a scroll of enchant armour.
Enchant which item? (? for menu, Esc to quit)
Your +0 robe glows green for a moment.
Sqallbeste's ghost closely misses you.
The orc hits your hobgoblin skeleton with a flail.
Your hobgoblin skeleton is destroyed!
Sqallbeste's ghost hits you.
You die...

.... #...# #.......#
....###...# #.......+
##+#......#
#.......##+
...'......#
#..........
.#.#......#
#..........
..........#
#...(.....
###...)...#
#.........
#.#+#...###....##+#
......+......)oW@'..#
.$#.#+#......5...#..+
###.# #......##+## ##
... +.....<# .##
#......+ . #......#
.. #......# #......+
+......#


You could see sqallbeste's ghost, a crimson imp and an orc (fleeing).

Vanquished Creatures
  A worker ant (D:4)
  Jessica (D:2)
  3 adders
  2 oozes
  An orc (D:5)
  9 bats
  3 hobgoblins
  4 kobolds
  A quokka (D:4)
  4 giant cockroaches
  2 giant geckos
  A giant newt (D:1)
  3 goblins
  9 jackals
  9 rats
53 creatures vanquished.

Vanquished Creatures (collateral kills)
  A bat (D:2)
  A goblin (D:1)
  A jackal (D:2)
  A rat (D:1)
4 creatures vanquished.

Grand Total: 57 creatures vanquished

Notes
Turn   | Place    | Note
--------------------------------------------------------------
     0 | D:1      | Steifyn the Mummy Necromancer began the quest for the Orb.
     0 | D:1      | Reached XP level 1. HP: 13/13 MP: 3/3
     2 | D:1      | Learned a level 1 spell: Animate Skeleton
   268 | D:1      | Reached XP level 2. HP: 19/19 MP: 0/5
   818 | D:1      | Reached XP level 3. HP: 23/25 MP: 6/6
   853 | D:2      | Found a faded altar to an unknown god.
   876 | D:2      | Became a worshipper of Sif Muna the Loreminder
   876 | D:2      | Acquired Sif Muna's first power
   883 | D:2      | Learned a level 3 spell: Vampiric Draining
  1226 | D:2      | Noticed Jessica
  1231 | D:2      | Killed Jessica
  1231 | D:2      | Reached XP level 4. HP: 27/31 MP: 7/7
  1461 | D:3      | HP: 1/31 [orc priest/divine providence (12)]
  1792 | D:4      | Reached skill level 1 in Fighting
  1977 | D:5      | Entered Level 5 of the Dungeon
  2001 | D:5      | Found a radiant altar of Vehumet.
  2001 | D:5      | Noticed a charred statue
  2001 | D:5      | Noticed sqallbeste's ghost (experienced SpAs)
  2022 | D:5      | Reached XP level 5. HP: 13/37 MP: 2/9
  2027 | D:5      | HP: 1/37 [sqallbeste's ghost (2)]
  2029 | D:5      | Slain by sqallbeste's ghost

Vault maps used:
D:1:      minmay_arrival_plants_in_alcoves, minmay_misc_feat_room
D:2:      ecumenical_altar_2, grunt_decor_mini_mirrors, uniq_jessica
D:3:      glass_columns_a
D:4:      lemuel_zombie_altar_yredelemnul, first_bread
D:5:      kennysheep_mini_moat, vehumet_statue, nicolae_overflow_hidden_temple,
          uniq_sigmund, uniq_duvessa

Action                   |  1- 3 |  4- 6 || total
-------------------------+-------+-------++-------
Melee: Unarmed           |    37 |       ||    37
       Whip              |    61 |    19 ||    80
 Cast: Pain              |    23 |     3 ||    26
       Animate Skeleton  |    14 |     4 ||    18
       Vampiric Draining |     4 |     9 ||    13
Evoke: Wand              |       |     2 ||     2
  Use: Scroll            |     3 |     2 ||     5
 Stab: Sleeping          |     2 |     2 ||     4
       Distracted        |     1 |       ||     1
